 Dungeon Crawl Stone Soup version 0.28.0-53-g5a82cb258f (webtiles) character file.

Game seed: 12050925853531919857

219 styxcanada the Covert (level 5, -1/26 HPs)
             Began as a Spriggan Brigand on Aug 11, 2022.
             Killed by divine providence
             ... invoked by an orc priest
              (13 damage)
             ... on level 3 of the Dungeon.
             The game lasted 00:11:27 (3659 turns).

styxcanada the Covert (Spriggan Brigand)            Turns: 3659, Time: 00:11:29

Health: -1/26      AC:  3    Str:  7    XL:     5   Next: 64%
Magic:  8/8        EV: 18    Int: 13    God:
Gold:   89         SH:  0    Dex: 18    Spells: 3/7 levels left

rFire   . . .      SeeInvis +   a - +2 dagger (chaos)
rCold   . . .      Faith    .   (no shield)
rNeg    . . .      Spirit   .   b - +0 robe
rPois   .          Reflect  .   (helmet restricted)
rElec   .          Harm     .   c - +0 cloak
rCorr   .          Rampage  .   (gloves unavailable)
Will    .....                   (boots unavailable)
Stlth   ++++......              (no amulet)
HPRegen 0.08/turn               (no ring)
MPRegen 0.11/turn               (no ring)

@: very quick
A: very small, no large weapons, unfitting armour, see invisible, speed 3
a: no special abilities


You were on level 3 of the Dungeon.
You visited 1 branch of the dungeon, and saw 3 of its levels.

You collected 89 gold pieces.

Inventory:

Hand Weapons
 a - a +2 dagger of chaos (weapon)
 d - a +0 flail of protection
 j - a +0 hunting sling
Missiles
 e - 2 curare-tipped darts
 f - 82 stones
 h - 7 poisoned darts (quivered)
 i - 2 boomerangs
Armour
 b - a +0 robe (worn)
 c - a +0 cloak (worn)
Potions
 g - 5 potions of curing {unknown}


   Skills:
 * Level 2.0 Fighting
 + Level 2.8 Short Blades
 + Level 2.3 Throwing
 * Level 3.0 Dodging
 * Level 8.2 Stealth
 * Level 1.6 Spellcasting
 * Level 0.5 Conjurations
 * Level 0.4 Air Magic
 * Level 0.6 Poison Magic


You had 3 spell levels left.
You knew the following spells:

 Your Spells              Type           Power      Damage    Failure   Level
a - Magic Dart            Conj           8%         1d3       21%         1
b - Mephitic Cloud        Conj/Pois/Air  2%         N/A       54%         3

Your spell library contained the following spells:

 Spells                   Type           Power      Damage    Failure   Level
 Freeze                   Ice            4%         1d3       26%         1
 Call Imp                 Summ           1%         N/A       38%         2
 Frozen Ramparts          Ice            2%         1d2       63%         3
 Portal Projectile        Hex/Tloc       2%         N/A       63%         3
 Hailstorm                Conj/Ice       1%         3d3       93%         4
 Blade Hands              Tmut           0%         N/A       100%        5
 Excruciating Wounds      Necr           0%         N/A       100%        5


Dungeon Overview and Level Annotations

Branches:
Dungeon (3/15)

Altars:
Xom
Yredelemnul


Innate Abilities, Weirdness & Mutations

You are very small and have problems with some larger weapons.
You are too small for most types of armour.
You have supernaturally acute eyesight. (SInv)
You cover ground extremely quickly. (Speed+++)


Message History

h - 12 poisoned darts (gained 1)
The orc priest mumbles some strange prayers to Beogh against you.
Beogh smites you!
Ouch! That really hurt!
The orc priest begins to cast a cantrip, but forgets the words!
You see here an adder corpse.
Things that are here:
a +0 whip; a gnoll corpse Throw: 12 darts (poison)
Press: ? - help, Q - select action, (/) - cycle Shift-Dir - straight line, f - orc priest
Aim: an orc priest, wielding a +0 short sword (63% to hit)
You throw a poisoned dart.
The poisoned dart closely misses the orc priest.
Throw: 11 darts (poison)
Press: ? - help, Q - select action, (/) - cycle Shift-Dir - straight line, f/p - orc priest
Aim: an orc priest, wielding a +0 short sword (63% to hit)
You throw a poisoned dart. The poisoned dart hits the orc priest.
The orc priest is poisoned.
Throw: 10 darts (poison)
Press: ? - help, Q - select action, (/) - cycle Shift-Dir - straight line, f/p - orc priest
Aim: an orc priest, wielding a +0 short sword (lightly wounded, poisoned, 63% to hit)
You throw a poisoned dart. The poisoned dart hits the orc priest.
The orc priest looks even sicker.
The orc priest is lightly wounded.
Throw: 9 darts (poison)
Press: ? - help, Q - select action, (/) - cycle Shift-Dir - straight line, f/p - orc priest
Aim: an orc priest, wielding a +0 short sword (lightly wounded, very poisoned, 63% to hit)
You throw a poisoned dart.
The poisoned dart closely misses the orc priest.
Throw: 8 darts (poison)
Press: ? - help, Q - select action, (/) - cycle Shift-Dir - straight line, f/p - orc priest
Aim: an orc priest, wielding a +0 short sword (lightly wounded, very poisoned, 63% to hit)
You throw a poisoned dart.
The poisoned dart barely misses the orc priest.
The poisoned dart closely misses the orc.
The orc shouts!
The orc priest invokes the aid of Beogh against you.
Beogh smites you!
Ouch! That really hurt!
You die...

#.# #. # #.# #. ..## #.#
#. ..# #.# ##### #.
#.##.#########...# #.
#......<..<.)....# #.
#.#..)########)..# #.
..#.....# ##.#####. ..#
##..@## #.)..##. . ##..##
#.##.##.
#.######.).########.##.##.
.........og.............÷.
≈≈≈≈≈≈≈≈≈(...≈≈≈≈≈≈≈≈≈≈≈≈≈
≈≈≈≈≈≈≈≈≈(...≈≈≈≈≈≈≈≈≈≈≈≈≈
≈≈≈≈≈≈≈≈≈....≈≈≈≈≈≈≈≈≈≈≈≈#
.........o...)...........#
#########''''#############


You could see an orc priest (very poisoned), a gnoll and an orc.

Vanquished Creatures
  6 adders
  10 gnolls
  4 dart slugs
  2 orcs (D:3)
  7 ball pythons
  4 endoplasms
  3 giant cockroaches
  8 goblins
  4 hobgoblins
  2 jackals (D:3)
  2 kobolds (D:1)
  A quokka (D:1)
  4 bats
  3 frilled lizards
  4 rats
  A spectral orc (D:3)
65 creatures vanquished.

Vanquished Creatures (others)
  A fungus (D:3)
  A plant (D:3)
2 creatures vanquished.

Grand Total: 67 creatures vanquished

Notes
Turn   | Place    | Note
-------+----------+-------------------------------------------
     0 | D:1      | styxcanada the Spriggan Brigand began the quest for the
                  | Orb.
     0 | D:1      | Reached XP level 1. HP: 10/10 MP: 2/2
   209 | D:1      | Reached skill level 6 in Stealth
   509 | D:1      | Reached XP level 2. HP: 14/14 MP: 3/3
  1306 | D:2      | Reached skill level 7 in Stealth
  1306 | D:2      | Reached XP level 3. HP: 18/18 MP: 4/4
  1308 | D:2      | Learned a level 1 spell: Magic Dart
  1309 | D:2      | Found a faded altar of an unknown god.
  1559 | D:2      | Reached XP level 4. HP: 16/23 MP: 6/6
  1742 | D:2      | Reached skill level 1 in Spellcasting
  2294 | D:2      | Reached skill level 8 in Stealth
  2491 | D:2      | Learned a level 3 spell: Mephitic Cloud
  2679 | D:3      | HP: 1/23 [gnoll/+0 spear (3)]
  2691 | D:3      | Found a shimmering altar of Xom.
  2743 | D:3      | Reached XP level 5. HP: 5/26 MP: 0/8
  3190 | D:3      | Found a basalt altar of Yredelemnul.
  3659 | D:3      | Killed from afar by an orc priest

Illustrated notes

Levels and vault maps discovered:
D:1:      erik_arrival_orb_chamber, layout_basic, nrook_campfire
D:2:      layout_loops_ring, nicolae_ecumenical_snake_handling, kennysheep_nub
D:3:      lemuel_castle_with_subvaults [lemuel_castle_interior_carwin_1],
          layout_loops_corners, yredelemnul_forgotten_temple_becter,
          grunt_gozag_breadcrumbs, mainiacjoe_overflow_chevrons,
          kennysheep_generic_room_13

Skill      XL: |  1  2  3  4  5 |
---------------+----------------+-----
Stealth        | 6 7 8 |  8.2
Dodging        | 2 3 |  3.0
Spellcasting   | 1 |  1.6
Fighting       | 2 |  2.0
Short Blades   | |  2.8
Throwing       | |  2.3
Conjurations   | |  0.5
Air Magic      | |  0.4
Poison Magic   | |  0.6

Action                   |  1- 3 |  4- 6 || total
-------------------------+-------+-------++-------
Melee: Dagger            |    91 |   105 ||   196
       Punch             |       |     2 ||     2
Throw: Dart              |    12 |    27 ||    39
 Cast: Magic Dart        |       |    11 ||    11
  Use: Scroll            |       |     3 ||     3
 Stab: Sleeping          |    15 |     7 ||    22
       Paralysed         |       |     1 ||     1
Armor: Robe              |     8 |     8 ||    16
Dodge: Dodged            |    46 |    78 ||   124
